 Dungeon Crawl Stone Soup version 0.29.1-15-g9cfb28693d (webtiles) character file.

Game seed: 7731164425169147955

3122 manyhoops the Chiller (level 9, -4/57 HPs)
             Began as an Octopode Transmuter on Apr 9, 2023.
             Was an Initiate of Gozag.
             Slain by a vampire (14 damage)
             ... on level 7 of the Dungeon.
             The game lasted 00:12:17 (8808 turns).

manyhoops the Chiller (Octopode Transmuter)         Turns: 8808, Time: 00:12:19

Health: -4/57      AC:  1    Str: 20    XL:     9   Next: 91%
Magic:  15/18      EV: 13    Int: 15    God:    Gozag
Gold:   382        SH:  0    Dex: 12    Spells: 10/20 levels left

rFire   . . .      SeeInvis .     - Unarmed
rCold   . . .      Faith    .   (no shield)
rNeg    . . .      Spirit   .   (helmet restricted)
rPois   .          Reflect  .   t - amulet of regeneration
rElec   .          Harm     .   d - +6 ring of strength
rCorr   .          Rampage  .   (no ring)
Will    .....                   (no ring)
Stlth   ++++......              (no ring)
HPRegen 0.99/turn               (no ring)
MPRegen 0.16/turn               (no ring)
                                (no ring)
                                (no ring)

@: no status effects
A: almost no armour, amphibious, 8 rings, camouflage 1, gelatinous body 1,
(nimble swimmer 1), tentacles
a: Renounce Religion, Potion Petition, Call Merchant, Bribe Branch


You were on level 7 of the Dungeon.
You worshipped Gozag.
Gozag was aware of your devotion.
You visited 2 branches of the dungeon, and saw 8 of its levels.
You also visited: Sewer.

You collected 1378 gold pieces.
You paid 996 gold pieces to Gozag.

Inventory:

Missiles
 m - 9 poisoned darts (quivered)
Jewellery
 d - a +6 ring of strength (left tentacle)
 t - an amulet of regeneration (around mantle)
Scrolls
 c - a scroll of teleportation
 f - 2 scrolls of enchant armour
 h - 4 scrolls of fear
 i - a scroll of fog
 l - a scroll of noise {unknown}
 n - a scroll of immolation
 o - a scroll of poison
 p - a scroll of torment {unknown}
 q - a scroll of blinking {unknown}
 r - a scroll of vulnerability {unknown}
Potions
 a - 2 potions of lignification
 b - a potion of cancellation
 e - a potion of ambrosia {unknown}
 j - 4 potions of curing
 k - a potion of magic {unknown}
 s - 2 potions of attraction {unknown}
 u - a potion of mutation {unknown}
 v - a potion of brilliance {unknown}
 x - a potion of flight {unknown}


   Skills:
 - Level 3.4 Fighting
 - Level 2.0 Dodging
 - Level 6.5 Stealth
 - Level 6.6 Unarmed Combat
 - Level 6.0 Spellcasting
 - Level 5.1 Transmutations
 + Level 7.1 Ice Magic


You had 10 spell levels left.
You knew the following spells:

 Your Spells              Type           Power      Damage    Failure   Level
a - Beastly Appendage     Tmut           40%        N/A       1%          1
b - Wereblood             Tmut           20%        N/A       2%          2
c - Ice Form              Ice/Tmut       22%        N/A       12%         4
d - Ozocubu's Armour      Ice            25%        N/A       2%          3

Your spell library contained the following spells:

 Spells                   Type           Power      Damage    Failure   Level
 Spider Form              Tmut/Pois      12%        N/A       16%         3
 Summon Guardian Golem    Hex/Summ       4%         N/A       41%         3
 Orb of Destruction       Conj           2%         9d5       100%        7
 Ozocubu's Refrigeration  Ice            12%        4d10      100%        7
 Spellforged Servitor     Conj/Summ      2%         N/A       100%        7
 Borgnjor's Revivificati  Necr           2%         N/A       100%        8
 Necromutation            Tmut/Necr      6%         N/A       100%        8
 Death's Door             Necr           2%         N/A       100%        9


Dungeon Overview and Level Annotations

Branches:
Dungeon (7/15)             Temple (1/1) D:4           Sewer (visited)

Altars:
Cheibriados
Elyvilon
Gozag
Kikubaaqudgha
Makhleb
Qazlal
Sif Muna
Trog
Uskayaw
Vehumet
Wu Jian
Xom
Yredelemnul
Zin
The Shining One

Annotations:
D:6 2 runed translucent doors, 0o0o's ghost, novice TrBe; Crazy Yiuf


Innate Abilities, Weirdness & Mutations

You cannot wear most types of armour.
You are amphibious.
You can wear up to eight rings at the same time.
Your skin changes colour to match your surroundings (Stealth+).
Your rubbery body absorbs attacks. (AC +1, EV +1)
((You are camouflaged when in or above water. (Stealth+)))
You have tentacles for arms and can constrict up to eight enemies at once.


Message History

You cannot move.
You cannot move.
You cannot move.
You cannot move.
You cannot move.
You cannot move.
Casting: Ozocubu's Armour (mildly dangerous; 2% risk of failure)
Confirm with . or Enter, or press ? or * to list all spells.
Okay, then.
Okay, then.
Okay, then.
Aiming: Fastroot
Press: ? - help, Shift-Dir - straight line, f/p - wight
Aim: a wight, wielding a +3 falchion and wearing a +0 robe (heavily damaged)
The roots erupt in riotous growth!
Roots grab the wight.
The grasping roots constrict the wight.
Something hits you.
* * * LOW HITPOINT WARNING * * *
Something bites you.
* * * LOW HITPOINT WARNING * * *
Something draws strength from your injuries!
Unknown command.
Aiming: Fastroot
Press: ? - help, Shift-Dir - straight line, f/p - wight
Aim: a wight, wielding a +3 falchion and wearing a +0 robe (severely damaged, constricted by roots)
The roots erupt in riotous growth!
The wight is unaffected.
The now-empty wand crumbles to dust.
The grasping roots constrict the wight.
Unknown command.
Unknown command.
You cannot teleport because you are held in place by your roots.
Unknown command.
Your magical effects are unravelling.
You feel magically purged.
Your icy armour evaporates.
You feel less wooden.
You feel yourself slow down.
You feel a little less mighty now.
Your resistance to elements expires.
The grasping roots constrict the wight.
The roots release their grip on the wight.
Something hits you!
You die...
Your body crumbles into a pile of gold.

#.......>....#.. +.......
#............#.# #.......
#............#.# #.......
#......#.....#.###....)..
#......#.....#...........
#......##'#..#...........
#......##z#..............
#......##{#.##.......#...
+......'@.#..#####...#...
#......##.##.# #...#...
#......#####.# #...#.##
#............# #.#.....
#............# #.#.#.##
###..........# #.#.#.#
#..........# #.#.#.#
#..........# #.#.#.#
#..........#####.#.#.#


You could see a wight.

Vanquished Creatures
  A two-headed ogre (D:6)
  Pikel (D:6)
  Grinder (D:6)
  A steam dragon (D:7)
  A water moccasin (D:7)
  Duvessa (D:6)
  An orc warrior (D:4)
  A black bear (D:6)
  A phantom (D:5)
  A lemure (D:5)
  A bullfrog (D:4)
  2 scorpions
  3 necrophages
  5 wights
  Dowan (D:6)
  4 killer bees (D:5)
  2 jellies
  An orc priest (D:5)
  4 iguanas
  6 adders
  11 gnolls
  A river rat (Sewer)
  2 shadow imps (D:5)
  2 ufetubi
  2 adder zombies (D:2)
  2 worms
  A dart slug (D:4)
  9 orcs
  5 bats
  2 bat skeletons (D:2)
  9 endoplasms
  5 giant cockroaches
  6 goblins
  3 hobgoblins
  4 quokkas
  11 ball pythons
  A ball python skeleton (D:2)
  A ball python zombie (D:2)
  11 frilled lizards
  4 kobolds
  9 rats
140 creatures vanquished.

Notes
Turn   | Place    | Note
-------+----------+-------------------------------------------
     0 | D:1      | manyhoops the Octopode Transmuter began the quest for the
                  | Orb.
     0 | D:1      | Reached XP level 1. HP: 13/13 MP: 3/3
     2 | D:1      | You fall into a shaft and drop 1 floor!
   287 | D:1      | Reached XP level 2. HP: 18/18 MP: 5/5
   550 | D:1      | Learned a level 2 spell: Wereblood
   740 | D:1      | Found a faded altar of an unknown god.
   945 | D:2      | Reached XP level 3. HP: 8/24 MP: 6/6
  2075 | D:2      | Reached XP level 4. HP: 8/29 MP: 7/7
  2722 | D:3      | Found a radiant altar of Vehumet.
  2722 | D:3      | Found an ornate altar of the Wu Jian Council.
  2722 | D:3      | Found an ancient bone altar of Kikubaaqudgha.
  2762 | D:3      | Learned a level 4 spell: Ice Form
  3875 | D:4      | Reached skill level 5 in Unarmed Combat
  3886 | D:3      | Reached XP level 5. HP: 32/35 MP: 6/8
  4108 | D:4      | Noticed an orc warrior
  4124 | D:4      | Killed an orc warrior
  4206 | D:4      | Reached XP level 6. HP: 26/41 MP: 6/9
  4523 | D:4      | Found a staircase to the Ecumenical Temple.
  4533 | Temple   | Entered the Ecumenical Temple
  4795 | D:4      | Identified the +1 robe of Parts Unknown {rPois Int-4 Dex+3}
  4927 | D:4      | Found an opulent altar of Gozag.
  4985 | D:4      | Became a worshipper of Gozag Ym Sagoz the Greedy
  5093 | D:4      | Found a glowing golden altar of the Shining One.
  5178 | D:5      | Entered Level 5 of the Dungeon
  5182 | D:5      | Reached skill level 1 in Stealth
  5297 | D:5      | Reached XP level 7. HP: 46/46 MP: 6/10
  5307 | D:5      | Reached skill level 5 in Stealth
  5434 | D:5      | Identified a scroll of acquirement
  5446 | D:5      | Acquired 625 gold pieces
  5633 | D:5      | Found a glowing drain.
  5835 | Sewer    | Entered a sewer
  6445 | D:5      | Reached skill level 1 in Ice Magic
  6661 | D:5      | Reached skill level 2 in Ice Magic
  6661 | D:5      | Reached XP level 8. HP: 52/52 MP: 7/11
  6733 | D:5      | Found a burning altar of Makhleb.
  6735 | D:5      | Noticed an Executioner
  6737 | D:5      | Found a glowing silver altar of Zin.
  6738 | D:5      | Noticed an angel
  6960 | D:6      | Noticed a two-headed ogre
  7019 | D:6      | Killed a two-headed ogre
  7020 | D:6      | Reached skill level 5 in Ice Magic
  7349 | D:6      | Found a white marble altar of Elyvilon.
  7356 | D:6      | Learned a level 3 spell: Ozocubu's Armour
  7391 | D:6      | Noticed Grinder
  7409 | D:6      | Killed Grinder
  7410 | D:6      | Reached skill level 5 in Transmutations
  7410 | D:6      | Reached XP level 9. HP: 53/57 MP: 8/12
  7694 | D:6      | Noticed Dowan
  7705 | D:6      | Killed Dowan
  7709 | D:6      | Noticed Pikel
  8110 | D:6      | Found a runed translucent door.
  8111 | D:6      | Noticed Crazy Yiuf
  8142 | D:6      | Noticed Duvessa
  8153 | D:6      | Killed Duvessa
  8159 | D:6      | Killed Pikel
  8395 | D:6      | Found a runed translucent door.
  8396 | D:6      | Found a shimmering altar of Xom.
  8396 | D:6      | Noticed a +2 spear of chaos
  8396 | D:6      | Noticed 0o0o's ghost (novice TrBe)
  8571 | D:7      | Reached skill level 6 in Ice Magic
  8779 | D:7      | Reached skill level 7 in Ice Magic
  8799 | D:7      | HP: 3/85 [something (9)]
  8808 | D:7      | Slain by a vampire

Illustrated notes

Levels and vault maps discovered:
D:1:      roderic_crossed_star, layout_loops_ring, basic_ecumenical_altar
D:2:      layout_loops_ring, serial_undead, serial_undead_d, serial_undead_f,
          serial_undead_d, serial_undead_a, minivault_11
D:3:      layout_loops_corners, gammafunk_temple_overflow_claw,
          serial_co_window_serial, co_window_paths_b, co_window_paths_a,
          co_window_corner_a, co_window_corner_a, co_window_corner_a,
          co_window_paths_b, co_window_unsneaky_path_d, co_window_paths_c,
          co_window_of_opportunity_b, co_window_corner_ca, minivault_19,
          serial_park_tiny_1, hangedman_decor_push, minmay_misc_feat_diagonals
D:4:      layout_cave_pools, general_overflow_altar, tso_metal_star,
          minmay_temple_entry_offerings, minmay_circle_x
D:5:      layout_rooms, grunt_temple_overflow_order_and_chaos_2,
          portal_sewer_entry_e, patterned_corridor
D:6:      layout_rooms, elyvilon_altar_4, ebering_ghost_xom, uniq_pikel,
          uniq_duvessa, uniq_crazy_yiuf_cottage, uniq_grinder
D:7:      layout_basic, okawaru_gym_becter, marbit_many_paths,
          grunt_dithmenos_shadows
Temple:   hellmonk_temple_beads

Skill      XL: |  1  2  3  4  5  6  7  8  9 |
---------------+----------------------------+-----
Unarmed Combat | 4 5 6 |  6.6
Fighting       | 2 3 |  3.4
Stealth        | 2 6 |  6.5
Ice Magic      | 2 5 7 |  7.1
Transmutations | 5 |  5.1
Spellcasting   | 6 |  6.0
Dodging        | |  2.0

Action                   |  1- 3 |  4- 6 |  7- 9 || total
-------------------------+-------+-------+-------++-------
Melee: Unarmed           |    77 |    83 |   176 ||   336
       Kick              |    24 |    20 |    14 ||    58
       Constrict         |    20 |    21 |    16 ||    57
       Tentacles         |    15 |    16 |    11 ||    42
       Punch             |       |     2 |     3 ||     5
Throw: Dart              |       |       |     5 ||     5
 Cast: Beastly Appendage |    23 |    25 |    18 ||    66
       Wereblood         |     2 |     6 |     5 ||    13
       Ice Form          |       |       |     9 ||     9
       Ozocubu's Armour  |       |       |     4 ||     4
Invok: Potion Petition   |       |       |     2 ||     2
Evoke: Wand              |       |       |     5 ||     5
  Use: Scroll            |     2 |     3 |     7 ||    12
       Potion            |       |     5 |     7 ||    12
 Stab: Sleeping          |     6 |     3 |    13 ||    22
Armor: Skin              |    11 |    25 |    56 ||    92
Dodge: Dodged            |    56 |    64 |    67 ||   187
